 Dungeon Crawl Stone Soup version 0.31-a0-844-gdc52ec4e09 (webtiles) character file.

Game seed: 10354512955401227344

188991 arthad the Spry (level 17, 0/79 HPs)
             Began as a Felid Shapeshifter on Sept 23, 2023.
             Was an Initiate of Gozag.
             Succumbed to a fenstrider witch's poison
             ... on level 4 of the Swamp on Sept 30, 2023.
             The game lasted 02:43:33 (40801 turns).

arthad the Spry (Felid Shapeshifter)               Turns: 40801, Time: 02:43:34

Health: 0/79       AC:  7    Str: 10    XL:     17   Next: 93%
Magic:  25/30      EV: 31    Int: 20    God:    Gozag
Gold:   3933       SH:  5    Dex: 21    Spells: 2/32 levels left
                                        Lives:  0   Deaths: 6

rFire   + .          .
                       - Unarmed
rCold   + + .        (shield unavailable)
rNeg    . . .        (body armour unavailable)
rPois   +            (helmet unavailable)
rElec   +            (cloak unavailable)
rCorr   +            (gloves unavailable)
SInv    +            (boots unavailable)
Will    ++...        s - amulet of reflection
Stlth   ++++         R - +4 ring of protection
HPRegen 0.33/turn    q - +6 ring of intelligence
MPRegen 0.22/turn

%: reflection
@: lethally poisoned (0 -> -16), blade hands, resistant, on blink cooldown,
studying Ice Magic, quick
A: very small, (claws 1), fangs 3, see invisible, speed 1, shaggy fur 3,
(stealthy paws), no weapons or thrown items, no armour, multi-lived
a: Begin Untransformation, Renounce Religion, Potion Petition, Call Merchant,
Bribe Branch


You were on level 4 of the Swamp.
You worshipped Gozag.
Gozag was most pleased with you.
You had blades for front paws.
You visited 4 branches of the dungeon, and saw 26 of its levels.
You visited the Abyss 1 time.

You collected 10335 gold pieces.
You spent 1078 gold pieces at shops.
You paid 5324 gold pieces to Gozag.

Inventory:

Jewellery
 d - a ring of ice
 h - a +4 ring of protection
 i - a ring of willpower
 l - a ring of positive energy
 q - a +6 ring of intelligence (right blade hand)
 s - an amulet of reflection (around neck)
 v - a +5 ring of evasion
 w - a ring of magical power
 F - a +5 ring of evasion
 G - a ring of poison resistance
 K - a ring of protection from fire
 M - a ring of protection from cold
 Q - a ring of protection from fire
 R - a +4 ring of protection (left blade hand)
 S - a +6 ring of dexterity
 V - a ring of resist corrosion
Talismans
 b - a beast talisman
 c - a flux talisman
 x - a maw talisman
 C - a blade talisman (active)
 Y - a serpent talisman
Wands
 n - a wand of roots (5)
 A - a wand of mindburst (8)
 B - a wand of polymorph (31)
 D - a wand of light (7)
 E - a wand of paralysis (9)
 Z - a wand of flame (20)
Scrolls
 e - 4 scrolls of fog
 f - a scroll of fear
 k - 4 scrolls of noise
 m - 2 scrolls of silence
 r - 2 scrolls of enchant armour
 u - a scroll of blinking
 y - 6 scrolls of immolation
 z - a scroll of teleportation
 H - 4 scrolls of vulnerability
 U - 6 scrolls of amnesia
 W - a scroll of revelation
Potions
 a - 4 potions of lignification
 g - 2 potions of cancellation
 j - 2 potions of might
 o - 2 potions of mutation
 p - 2 potions of haste
 I - 3 potions of enlightenment
 L - a potion of magic
 P - 6 potions of ambrosia
 X - 2 potions of brilliance
Miscellaneous
 J - a box of beasts
 N - a lightning rod (4/4)


   Skills:
 * Level 11.9 Fighting
 * Level 15.5 Dodging
 - Level 8.0 Stealth
 * Level 12.5 Unarmed Combat
 + Level 8.0 Spellcasting
 + Level 10.2 Hexes
 + Level 7.7 Summonings
 + Level 10.3 Translocations
 * Level 7.3 Transmutations
 * Level 6.0 Fire Magic
 * Level 4.7 Air Magic
 * Level 7.5 Poison Magic
 - Level 6.0 Evocations
 * Level 12.0 Shapeshifting


You had 2 spell levels left.
You knew the following spells:

 Your Spells              Type           Power      Damage    Failure   Level
a - Poisonous Vapours     Pois/Air       64%        N/A       1%          2
b - Ignite Poison         Fire/Tmut/Pois 35%        N/A       1%          3
c - Mephitic Cloud        Conj/Pois/Air  24%        N/A       4%          3
d - Olgreb's Toxic Radia  Pois           38%        N/A       3%          4
e - Summon Mana Viper     Hex/Summ       43%        N/A       6%          5
f - Blink                 Tloc           98%        N/A       1%          2
g - Tukima's Dance        Hex            48%        N/A       1%          3
h - Manifold Assault      Tloc           49%        N/A       1%          4
i - Summon Lightning Spi  Summ/Air       33%        N/A       6%          4

Your spell library contained the following spells:

 Spells                   Type           Power      Damage    Failure   Level
 Call Imp                 Summ           78%        N/A       1%          2
 Wereblood                Tmut           37%        N/A       1%          2
 Passwall                 Tmut/Erth      18%        N/A       2%          2
 Freeze                   Ice            32%        1d5       9%          1
 Kiss of Death            Conj/Necr      32%        2d7       9%          1
 Magic Dart               Conj           32%        1d4       9%          1
 Sandblast                Erth           16%        2d6       9%          1
 Searing Ray              Conj           16%        2d5       13%         2
 Sublimation of Blood     Necr           8%         N/A       13%         2
 Confusing Touch          Hex            48%        N/A       1%          3
 Inner Flame              Hex/Fire       40%        N/A       1%          3
 Passage of Golubria      Tloc           49%        N/A       1%          4
 Vhi's Electric Charge    Tloc/Air       76%        N/A       3%          4
 Yara's Violent Unravell  Hex/Tmut       21%        3d10      6%          5
 Fulminant Prism          Conj/Hex       14%        3d9       11%         4
 Leda's Liquefaction      Hex/Erth       14%        N/A       11%         4
 Summon Ice Beast         Ice/Summ       23%        N/A       17%         4
 Sticky Flame             Conj/Fire      20%        2d4       24%         4
 Frozen Ramparts          Ice            16%        1d3       26%         3
 Hailstorm                Conj/Ice       8%         3d4       26%         3
 Stone Arrow              Conj/Erth      16%        3d8       26%         3
 Irradiate                Conj/Tmut      11%        3d15      45%         5
 Brom's Barrelling Bould  Conj/Erth      8%         2d3       63%         4
 Dispel Undead            Necr           8%         3d8       63%         4
 Arcjolt                  Conj/Air       8%         1d18      65%         5
 Enfeeble                 Hex            24%        N/A       73%         7
 Freezing Cloud           Conj/Ice/Air   7%         6-21      77%         5
 Borgnjor's Vile Clutch   Necr/Erth      4%         N/A       93%         5
 Lee's Rapid Deconstruct  Erth           4%         3d5*      93%         5
 Monstrous Menagerie      Summ           19%        N/A       96%         7
 Summon Hydra             Summ           19%        N/A       96%         7
 Bombard                  Conj/Erth      4%         9d2       100%        6
 Death Channel            Necr           4%         N/A       100%        6
 Discord                  Hex            24%        N/A       100%        8
 Ignition                 Fire           16%        3d6       100%        8
 Maxwell's Capacitive Co  Air            13%        ∞         100%        8
 Animate Armour           Summ/Erth      Unusable   N/A       N/A         4
 Animate Dead             Necr           Unusable   N/A       N/A         4

Dungeon Overview and Level Annotations

Branches:
Dungeon (15/15)            Temple (0/1) D:4            Lair (5/5) D:8
  Swamp (4/4) Lair:2        Snake (0/4) Lair:2        Slime (0/5) Lair:5
    Orc (2/2) D:11            Elf (0/3) Orc:2        Vaults (0/5) D:13
 Depths (0/4) D:15

Altars:
Elyvilon
Gozag
Makhleb
Trog
Uskayaw
The Shining One
Jiyva

Shops:
D:1 *   D:14 (   Orc:2 !!(:   Lair:1 **   Lair:5 *=   Swamp:1 =

Portals:
Pandemonium: Orc:2

Annotations:
D:13 3 transporters
Lair:1 1 runed translucent door, Fractals's ghost, journeyman GnWn
Lair:3 3 runed translucent doors, lotum's ghost, journeyman MfGl
Lair:4 4 transporters, Nestid's ghost, journeyman OgHs
Lair:5 1 runed translucent door
Swamp:4 Bai Suzhen


Innate Abilities, Weirdness & Mutations

You have blades for front paws.
((You have sharp claws.))
You have razor-sharp teeth.
You have supernaturally acute eyesight. (SInv)
You cover ground quickly. (Speed+)
Your thick and shaggy fur keeps you warm. (AC +3, rC+)
((Your paws help you pounce on unaware monsters.))
You are incapable of wielding weapons or throwing items.
You cannot wear armour.
You gain extra lives every three experience levels.


Message History

As you read the scroll of teleportation, it crumbles to dust.
You feel strangely unstable.
Casting: Blink (safe; 1% risk of failure)
Confirm with . or Enter, or press ? or * to list all spells.
You blink.
Splash!
You fall into the shallow water.
Moving in this stuff is going to be slow.
Found a scroll of noise.
Your surroundings suddenly seem different.
A fenstrider witch, a vampire mosquito and a bog body come into view.
A bunyip comes into view.
The fenstrider witch points at you and mumbles some strange words.
The toxic sludge hits you!!
You are poisoned.
Splash!
You fall into the toxic bog.
Moving in this stuff is going to be slow.
The vampire mosquito moves out of view.
You feel better.
You fester in the toxic bog!!
You are poisoned.
* * * LOW HITPOINT WARNING * * *
x2 You feel very sick.
The bunyip gives a hideous shriek!
You feel protected.
You fester in the toxic bog.
You partially resist.
You are more poisoned.
* * * LOW HITPOINT WARNING * * *
You feel ready to blink again.
* * * LOW HITPOINT WARNING * * *
You feel very sick.
The bog body gestures at you while chanting.
You resist with almost no effort.
Okay, then.
Casting: Blink (safe; 1% risk of failure)
Confirm with . or Enter, or press ? or * to list all spells.
You blink.
A ghost crab comes into view.
You die...
Your body crumbles into a pile of gold.

...~...♣♣
....~...♣
~....t..~
.~~.......~♣♣
.~.~.~..~..~♣
~..~~.....§.
.....§..~.~♣
.....~~x..@♣♣
...~.~.~..~~♣
...~.~§....♣♣
§~.~~..§..~.♣
§.~.~..H~...♣
~.~...~...~.♣
~~...~.~.~..♣
#
~~.n...~~~..♣
#
.~.~~.~~...♣♣


You could see a bunyip, a fenstrider witch, a ghost crab and a bog body.

Vanquished Creatures
  Saint Roka (Orc:2)
  Kirke (Lair:5)
  A fenstrider witch (Swamp:4)
  3 ghouls (Swamp:3)
  3 eleionomae
  A dire elephant (D:15)
  Snorg (D:11)
  Josephine (D:11)
  A shambling mangrove (Swamp:4)
  A demonspawn (Orc:2)
  2 ghost crabs
  A catoblepas (Lair:5)
  An ogre mage (Swamp:4)
  A boulder beetle (D:13)
  5 centaur warriors
  5 alligators
  A death knight (D:14)
  12 hydras
  6 two-headed ogres
  A tengu warrior (D:12)
  4 death yaks (Lair:5)
  5 orc high priests (Orc:2)
  Sonja (Lair:5)
  A skyshark (Lair:5)
  4 spriggans
  Urug (Orc:2)
  6 skeletal warriors
  A sixfirhy (Swamp:4)
  4 spriggan druids
  A deep troll (D:13)
  10 bog bodies
  A death drake (Swamp:3)
  4 goliath frogs
  2 swamp dragons (Swamp:2)
  Pikel (D:8)
  A wizard (Swamp:4)
  A deep elf zephyrmancer (Swamp:4)
  6 orc knights
  A wolf spider (D:15)
  2 lindwurms
  A will-o-the-wisp (Swamp:2)
  4 orc sorcerers (Orc:2)
  5 cyclopes
  20 ugly things
  5 manticores
  21 elephants
  4 black mambas
  2 orange demons (Swamp:4)
  A gargoyle (D:14)
  9 cane toads
  6 torpor snails
  An unseen horror (D:12)
  4 nameless horrors
  4 kobold demonologists
  Maggie (D:8)
  3 rime drakes
  4 komodo dragons
  A tengu conjurer (D:12)
  2 ice devils (Orc:1)
  3 meliai
  A queen bee (D:10)
  Prince Ribbit (Lair:1)
  12 hornets
  3 polar bears
  10 tyrant leeches
  3 trolls
  2 hellwings
  11 blink frogs
  6 dream sheep
  14 slime creatures
  9 wraiths
  3 shadows
  2 wyverns
  79 yaks
  A yak (shapeshifter) (D:9)
  6 basilisks
  5 hogs (Lair:5)
  A neqoxec (Orc:2)
  Grum (Lair:1)
  A steam dragon (D:7)
  9 vampire mosquitoes
  2 chaos spawn
  18 swamp worms
  3 nagas (Lair:2)
  11 water moccasins
  5 wargs
  4 ice beasts
  31 orc warriors
  2 ogres
  3 sky beasts
  2 black bears
  14 wolves
  16 centaurs
  A phantom (D:4)
  15 kobold brigands
  14 bullfrogs
  3 scorpions
  2 gnoll sergeants
  2 wights (D:8)
  34 killer bees
  An electric eel (Lair:2)
  A howler monkey (shapeshifter) (D:15)
  A vampire bat (Orc:2)
  5 howler monkeys
  6 hounds
  4 jellies
  5 gnoll boudas
  26 orc priests
  A sleepcap (D:7)
  Ijyb (D:5)
  5 iguanas
  Natasha (D:2)
  25 orc wizards
  7 adders
  24 gnolls
  4 white imps
  4 ufetubi
  3 worms (D:2)
  79 orcs
  4 ball pythons
  7 bats
  5 endoplasms
  5 giant cockroaches
  9 goblins
  4 hobgoblins
  4 jackals (D:3)
  4 quokkas
  3 frilled lizards
  29 kobolds
  4 rats
850 creatures vanquished.

Vanquished Creatures (collateral kills)
  Rupert (D:13)
  An ironbound preserver (D:13)
  A green death (Swamp:4)
  4 hydras
  An orc high priest (Orc:2)
  2 skeletal warriors (D:15)
  A glowing orange brain (D:13)
  An orc sorcerer (Orc:2)
  2 ugly things
  A black mamba (Lair:5)
  A torpor snail (Lair:5)
  A hornet (Lair:5)
  A tyrant leech (Lair:5)
  5 slime creatures
  A neqoxec (Swamp:4)
  A vampire mosquito (Swamp:4)
  A swamp drake (Swamp:3)
  An orc priest (Orc:2)
27 creatures vanquished.

Vanquished Creatures (others)
  3 bloated husks
  A sky beast (D:8)
  4 foxfires (Swamp:2)
8 creatures vanquished.

Grand Total: 885 creatures vanquished

Notes
Turn   | Place    | Note
-------+----------+-------------------------------------------
     0 | D:1      | arthad the Felid Shapeshifter began the quest for the Orb.
     0 | D:1      | Reached XP level 1. HP: 9/9 MP: 2/2
   538 | D:1      | Found Ynoperph's General Store.
   546 | D:1      | Bought a potion of curing for 39 gold pieces
   668 | D:1      | Reached XP level 2. HP: 7/12 MP: 3/3
   716 | D:1      | Reached skill level 3 in Dodging
   846 | D:2      | Reached skill level 1 in Stealth
  1070 | D:2      | Noticed Natasha
  1079 | D:2      | Killed from afar by Natasha
  1165 | D:2      | Reached XP level 3. HP: 13/15 MP: 4/4
  1720 | D:2      | Killed Natasha
  1721 | D:2      | Reached XP level 4. HP: 19/19 MP: 5/5
  2155 | D:3      | Found an opulent altar of Gozag.
  2164 | D:3      | Became a worshipper of Gozag Ym Sagoz the Greedy
  2271 | D:3      | Noticed a scorpion
  2274 | D:3      | Killed a scorpion
  2275 | D:3      | Reached skill level 4 in Dodging
  2275 | D:3      | Reached XP level 5. HP: 23/23 MP: 6/6
  2448 | D:3      | Gained mutation: You are covered in thick fur. (AC +2)
                  | [Felid growth]
  2448 | D:3      | Reached XP level 6. HP: 11/27 MP: 7/7
  2638 | D:3      | You fall into a shaft and drop 3 floors!
  2852 | D:6      | Identified the orb of the Valley {*Rage, Int+3 SInv}
  2988 | D:6      | HP: 1/40 [orc wizard/+0 dagger of flaming (2)]
  2988 | D:6      | Slain by an orc wizard
  2994 | D:5      | Entered Level 5 of the Dungeon
  3162 | D:3      | Reached skill level 5 in Dodging
  3162 | D:3      | Reached skill level 1 in Spellcasting
  3162 | D:3      | Reached skill level 1 in Evocations
  3162 | D:3      | Reached XP level 7. HP: 31/31 MP: 9/9
  3537 | D:4      | Found a staircase to the Ecumenical Temple.
  3788 | D:4      | Found a white marble altar of Elyvilon.
  4357 | D:5      | Noticed Ijyb
  4397 | D:5      | Reached skill level 5 in Unarmed Combat
  4539 | D:5      | Killed Ijyb
  4560 | D:5      | Reached skill level 6 in Dodging
  4605 | D:5      | Reached XP level 8. HP: 24/36 MP: 11/11
  5018 | D:5      | Found a glowing golden altar of the Shining One.
  5347 | D:6      | Reached skill level 5 in Shapeshifting
  5533 | D:6      | Reached skill level 5 in Stealth
  6032 | D:7      | Reached skill level 7 in Dodging
  6105 | D:7      | Reached skill level 5 in Fighting
  6293 | D:7      | Reached XP level 9. HP: 33/40 MP: 13/13
  7126 | D:7      | Reached skill level 8 in Dodging
  7892 | D:8      | Found a staircase to the Lair.
  7995 | D:8      | Noticed a red ugly thing
  8015 | D:8      | Killed a red ugly thing
  8016 | D:8      | Reached skill level 1 in Hexes
  8016 | D:8      | Reached skill level 1 in Translocations
  8071 | D:8      | Reached XP level 10. HP: 46/46 MP: 16/16
  8086 | D:8      | Reached skill level 1 in Summonings
  8090 | D:8      | Reached skill level 9 in Dodging
  8678 | D:8      | Noticed Maggie
  8682 | D:8      | Killed Maggie
  8753 | D:8      | Found a hide-covered altar of Uskayaw.
  8753 | D:8      | Noticed Pikel
  8801 | D:8      | Killed Pikel
  9306 | D:9      | Found a bloodstained altar of Trog.
  9306 | D:9      | Found a burning altar of Makhleb.
  9472 | D:9      | Reached skill level 10 in Dodging
  9472 | D:9      | Reached XP level 11. HP: 50/50 MP: 18/18
  9472 | D:9      | Noticed a two-headed ogre
  9489 | D:9      | Killed a two-headed ogre
  9499 | D:9      | Reached skill level 5 in Evocations
  9571 | D:9      | Noticed a two-headed ogre
  9577 | D:9      | Killed a two-headed ogre
  9600 | D:9      | Identified the +3 leather armour of Dithmenos's Favour
                  | {Harm Rampage rPois}
  9623 | D:9      | Noticed an eight-headed hydra
  9626 | D:9      | Killed an eight-headed hydra
 10103 | D:10     | Entered Level 10 of the Dungeon
 10562 | D:10     | Reached skill level 5 in Hexes
 10562 | D:10     | Reached skill level 1 in Transmutations
 10562 | D:10     | Reached skill level 1 in Fire Magic
 10634 | D:10     | Reached skill level 1 in Poison Magic
 10665 | D:10     | Reached skill level 11 in Dodging
 10932 | D:10     | Reached skill level 5 in Spellcasting
 10942 | D:10     | Gained mutation: Your thick and shaggy fur keeps you warm.
                  | (AC +3, rC+) [Felid growth]
 10942 | D:10     | Reached XP level 12. HP: 41/55 MP: 20/20
 11000 | D:10     | Identified the +2 falchion "Vinadakk" {protect, Dex+2}
 11029 | D:10     | Reached skill level 5 in Translocations
 11157 | D:10     | Noticed a two-headed ogre
 11161 | D:10     | Killed a two-headed ogre
 11172 | D:10     | Learned a level 2 spell: Poisonous Vapours
 11176 | D:10     | Learned a level 3 spell: Ignite Poison
 11180 | D:10     | Learned a level 3 spell: Mephitic Cloud
 11185 | D:10     | Learned a level 4 spell: Olgreb's Toxic Radiance
 11191 | D:10     | Learned a level 5 spell: Summon Mana Viper
 11481 | D:11     | Found a staircase to the Orcish Mines.
 11516 | D:11     | Identified the +2 chain mail of the Gravedigger {rElec rN+
                  | Int+3}
 11544 | D:11     | Noticed Josephine
 11547 | D:11     | Killed Josephine
 11647 | D:11     | Noticed Snorg
 11665 | D:11     | Slain by a yak
 11794 | D:11     | Killed Snorg
 12505 | D:12     | Noticed a tengu warrior
 12520 | D:12     | Killed a tengu warrior
 12874 | D:12     | Found the +0 toga "Victory" {*Victory Clar}
 12970 | D:13     | Found a gate to the Vaults.
 12972 | D:13     | Noticed an ironbound preserver
 13107 | Lair:1   | Entered Level 1 of the Lair of Beasts
 13223 | Lair:1   | Reached skill level 12 in Dodging
 13248 | Lair:1   | Noticed Grum
 13256 | Lair:1   | Noticed Prince Ribbit
 13296 | Lair:1   | Killed Prince Ribbit
 13297 | Lair:1   | Reached XP level 13. HP: 10/60 MP: 22/22
 14070 | Lair:1   | Found a runed translucent door.
 14071 | Lair:1   | Noticed Fractals's ghost (journeyman GnWn)
 14153 | Lair:1   | Killed Grum
 14735 | Lair:2   | Found a staircase to the Swamp.
 14748 | Lair:2   | Reached skill level 10 in Unarmed Combat
 14866 | Lair:2   | Found a staircase to the Snake Pit.
 15661 | Lair:2   | Reached skill level 1 in Air Magic
 16136 | Lair:3   | Reached skill level 5 in Summonings
 16241 | Lair:3   | Noticed lotum's ghost (journeyman MfGl)
 16480 | Lair:3   | Found a runed translucent gate.
 16480 | Lair:3   | Found a runed translucent gate.
 16480 | Lair:3   | Found a runed translucent gate.
 17000 | Lair:4   | Found a transporter.
 17009 | Lair:4   | Found a transporter.
 17009 | Lair:4   | Noticed Nestid's ghost (journeyman OgHs)
 17174 | Lair:4   | Found a transporter.
 17306 | Lair:4   | Reached skill level 13 in Dodging
 17406 | Lair:4   | Found a transporter.
 17845 | Lair:5   | Entered Level 5 of the Lair of Beasts
 17974 | Lair:5   | Reached XP level 14. HP: 22/65 MP: 24/24
 17991 | Lair:5   | Noticed Kirke
 18026 | Lair:5   | Slain by a komodo dragon
 18496 | Lair:5   | Found a viscous altar of Jiyva.
 18496 | Lair:5   | Found a staircase to the Slime Pits.
 18796 | Lair:5   | Noticed Sonja
 18801 | Abyss:1  | Cast into level 1 of the Abyss (Sonja)
 18874 | Lair:5   | Escaped the Abyss
 18881 | Lair:5   | Killed Sonja
 18901 | Lair:5   | Reached skill level 10 in Fighting
 19108 | Lair:5   | Reached skill level 10 in Shapeshifting
 19488 | Orc:1    | Entered Level 1 of the Orcish Mines
 20055 | Orc:1    | Found a frozen archway.
 20273 | Orc:2    | Entered Level 2 of the Orcish Mines
 20357 | Orc:2    | Found a staircase to the Elven Halls.
 20470 | Orc:2    | Noticed Urug
 20530 | Orc:2    | Killed Urug
 21358 | Orc:2    | Found Coerouhipn's Distillery.
 21539 | Orc:2    | Found Ilimn's Distillery.
 21834 | Orc:2    | Bought a potion of might for 44 gold pieces
 21834 | Orc:2    | Bought a potion of heal wounds for 55 gold pieces
 21834 | Orc:2    | Bought a potion of magic for 88 gold pieces
 21834 | Orc:2    | Bought a potion of brilliance for 44 gold pieces
 21836 | Orc:2    | Bought a potion of heal wounds for 75 gold pieces
 21836 | Orc:2    | Bought a potion of heal wounds for 75 gold pieces
 21836 | Orc:2    | Bought a potion of degeneration for 15 gold pieces
 21837 | Orc:2    | Bought a potion of curing for 45 gold pieces
 22813 | Orc:2    | Noticed Saint Roka
 22840 | Orc:2    | Killed Saint Roka
 23319 | Orc:2    | Reached skill level 5 in Transmutations
 23513 | Orc:2    | Found Tairefia's Antique Weapon Shoppe.
 23513 | Orc:2    | Found a one-way gate leading to the halls of Pandemonium.
 23513 | Orc:2    | Found Mile's Book Emporium.
 23657 | Orc:2    | Bought Great Wizards, Vol. VII for 390 gold pieces
 23657 | Orc:2    | Bought an Inescapable Atlas for 208 gold pieces
 23660 | Orc:2    | Learned a level 2 spell: Blink
 23664 | Orc:2    | Learned a level 3 spell: Tukima's Dance
 23669 | Orc:2    | Learned a level 4 spell: Manifold Assault
 24032 | D:13     | Reached XP level 15. HP: 61/70 MP: 1/26
 24183 | D:13     | Reached skill level 5 in Poison Magic
 24191 | D:13     | Noticed Rupert
 24210 | D:13     | Killed Rupert
 24215 | D:13     | Reached skill level 14 in Dodging
 25135 | D:13     | Found a transporter.
 25159 | D:13     | Found a transporter.
 25211 | D:13     | Found a transporter.
 26538 | D:14     | Found Utukumoo's Weapon Shoppe.
 26554 | D:14     | HP: 1/84 [cyclops/large rock (13)]
 28330 | D:15     | Entered Level 15 of the Dungeon
 29375 | D:15     | Annihilated by a radroach (shapeshifter)
 30422 | D:15     | Found a staircase to the Depths.
 31668 | Lair:5   | Reached skill level 5 in Fire Magic
 31668 | Lair:5   | Reached XP level 16. HP: 75/75 MP: 5/27
 32107 | Lair:5   | Identified the +6 scale mail of Apruw {rCorr Str+3}
 32202 | Lair:5   | Found a runed translucent door.
 32507 | Lair:5   | Killed Kirke
 33228 | Lair:5   | Upgraded the game from 0.31-a0-819-gf6de2f5ab6 to
                  | 0.31-a0-833-gc15d34cb79
 33298 | Swamp:1  | Entered Level 1 of the Swamp
 33646 | Swamp:1  | Reached skill level 15 in Dodging
 33669 | Lair:2   | Upgraded the game from 0.31-a0-833-gc15d34cb79 to
                  | 0.31-a0-844-gdc52ec4e09
 37572 | Swamp:3  | Slain by a spriggan rider
 37965 | Swamp:3  | Reached skill level 10 in Hexes
 38533 | Swamp:3  | Reached skill level 10 in Translocations
 38967 | Swamp:4  | Entered Level 4 of the Swamp
 39165 | Swamp:4  | Learned a level 4 spell: Summon Lightning Spire
 39418 | Swamp:3  | Reached XP level 17. HP: 79/79 MP: 29/29
 40555 | Swamp:4  | Noticed a tentacled monstrosity
 40795 | Swamp:4  | Noticed Bai Suzhen
 40801 | Swamp:4  | Succumbed to a fenstrider witch's poison

Illustrated notes

Levels and vault maps discovered:
D:1:      matt_arrival_grand_opening, layout_loops_ring, serial_shops,
          nicolae_shop_temple_entry_statues_fountains, serial_aquarium,
          aquarium_bridge_square [aquarium_subvault_wall,
          aquarium_subvault_window, aquarium_subvault_bridge,
          aquarium_subvault_balcony], aquarium_bridge_long_separate
          [aquarium_subvault_bridge, aquarium_subvault_bridge,
          aquarium_subvault_wall, aquarium_subvault_wall,
          aquarium_subvault_bridge, aquarium_subvault_balcony],
          aquarium_window_fake, aquarium_window_corridor_3,
          aquarium_window_fake, aquarium_window_1, aquarium_view_2b,
          aquarium_view_2f
D:2:      layout_loops_ring, serial_rivers, chequers_serial_rivers_room_a,
          chequers_serial_rivers_micro_b, chequers_serial_rivers_micro_b,
          chequers_serial_rivers_small_3, chequers_serial_rivers_small_a,
          chequers_serial_rivers_room_a, minmay_indecisive_spiral, uniq_natasha
D:3:      layout_basic, nicolae_gozag_cash_rules_everything_around_me
D:4:      layout_loops_ring, mainiacjoe_overflow_catwalk,
          minmay_temple_entry_grid
D:5:      layout_basic, tso_oasis_becter, minmay_between, uniq_ijyb
D:6:      layout_gridville, st_stairs_9
D:7:      minmay_bubble_buster, layout_layer_cave
D:8:      wad_arrow_thing, layout_basic,
          nicolae_uskayaw_murder_on_the_dancefloor,
          grunt_lair_entry_orc_guard_hut, uniq_pikel, uniq_maggie
D:9:      minmay_the_grid_four_pointed_star_mashed
          [minmay_the_grid_triangle_9x9_shrine,
          minmay_the_grid_triangle_9x9_alien,
          minmay_the_grid_triangle_9x9_flanged_cone,
          minmay_the_grid_triangle_9x9_impossible_snake,
          minmay_the_grid_prize_shrinking_boxes], layout_basic,
          gammafunk_temple_overflow_wave
D:10:     layout_roguey [special_room_bee], special_room [special_room_kobold]
D:11:     layout_loops_ring, minmay_orc_entry_guard_dogs, uniq_snorg,
          uniq_josephine
D:12:     layout_rooms
D:13:     dreamdust_cave_troll, layout_small_grid,
          hellmonk_vaults_order_and_chaos, nicolae_diode_intersection,
          uniq_rupert
D:14:     layout_stronghold, serial_shops, nicolae_shop_crystal,
          serial_park_tiny_2
D:15:     hangedman_depths_entry_try_elsewhere_first, layout_grid_maze,
          nicolae_the_louvre, minmay_misc_feat_roman
Lair:1:   layout_cave_shapes, ebering_ghost_inner_flame, worms_lemuel,
          grunt_megastairs_2, uniq_grum, uniq_prince_ribbit2
Lair:2:   layout_regular_city, skrybe_swamp_entry_bodies,
          nicolae_snake_entry_squirm, wad_woods_river_01
Lair:3:   layout_roguey, gammafunk_ghost_icy
Lair:4:   gammafunk_worm_tunnel, layout_regular_city, nzn_ghost_randoct
Lair:5:   wormcave, layout_hall_layers, hangedman_lair_in_review,
          dpeg_slime_entry_enclosed, serial_rivers,
          chequers_serial_rivers_micro_e, chequers_serial_rivers_micro_c,
          chequers_serial_rivers_micro_a, chequers_serial_rivers_marsh,
          uniq_sonja, uniq_kirke
Swamp:1:  layout_falls_marsh, nicolae_swamp_decorative_isthmus,
          nicolae_swamp_round_clearing
Swamp:2:  layout_basic_swamp, evilmike_swamp_ruin_rubble_2,
          hangedman_swamp_blocks, swamp_pool1, nicolae_swamp_baby_hydras
Swamp:3:  layout_basic_swamp, evilmike_swamp_ruin_house_3
Swamp:4:  nzn_swamp_witches_coven, layout_basic_swamp, uniq_louise,
          uniq_bai_suzhen
Orc:1:    layout_caves, basic_altar, portal_ice_cave_demonic_guard
Orc:2:    pf_orc_diabolical, layout_diamond_mine, roderic_batcave, uniq_urug,
          uniq_saint_roka

Skill      XL: |  1  2  3  4  5  6  7  8  9 10 11 12 13 14 15 16 17 |
---------------+----------------------------------------------------+-----
Dodging        | 3 4 5 6 7 8 10 11 12 13 14 15 | 15.5
Stealth        | 1 2 3 4 5 6 7 8 |  8.0
Fighting       | 2 3 4 5 6 7 8 9 10 11 | 11.9
Shapeshifting  | 4 5 6 7 8 9 10 11 12 | 12.0
Unarmed Combat | 4 5 6 7 8 9 10 11 12 | 12.5
Spellcasting   | 1 2 3 4 5 6 7 8 |  8.0
Evocations     | 1 3 4 5 6 |  6.0
Hexes          | 1 3 5 6 7 8 9 10 | 10.2
Translocations | 1 3 4 6 7 8 9 10 | 10.3
Summonings     | 2 3 4 5 6 7 |  7.7
Transmutations | 1 3 4 5 6 7 |  7.3
Fire Magic     | 1 2 3 4 5 6 |  6.0
Poison Magic   | 1 2 3 4 6 7 |  7.5
Air Magic      | 1 2 3 4 |  4.7

Action                     |  1- 3 |  4- 6 |  7- 9 | 10-12 | 13-15 | 16-18 || total
---------------------------+-------+-------+-------+-------+-------+-------++-------
  Melee: Unarmed           |    66 |   108 |   372 |   666 |  1393 |   274 ||  2879
         Bite              |     6 |    12 |    44 |    90 |   135 |     2 ||   289
         Punch             |     2 |     5 |    13 |    42 |    77 |     3 ||   142
         Maw               |       |       |       |    29 |   334 |       ||   363
         Constrict         |       |       |       |       |    90 |    27 ||   117
   Cast: Poisonous Vapours |       |       |       |       |   138 |    91 ||   229
         Ignite Poison     |       |       |       |       |    19 |    51 ||    70
         Mephitic Cloud    |       |       |       |       |    14 |     9 ||    23
         Olgreb's Toxic Ra |       |       |       |       |    12 |    24 ||    36
         Tukima's Dance    |       |       |       |       |     4 |       ||     4
         Summon Mana Viper |       |       |       |       |    32 |    25 ||    57
         Manifold Assault  |       |       |       |       |    50 |    76 ||   126
         Blink             |       |       |       |       |     4 |    12 ||    16
         Summon Lightning  |       |       |       |       |       |     9 ||     9
 Invoke: Call Merchant     |       |       |       |       |     4 |     1 ||     5
         Potion Petition   |       |       |       |       |     2 |       ||     2
  Evoke: Wand              |       |     1 |    10 |    22 |    20 |     3 ||    56
         Lightning rod     |       |       |       |     5 |    16 |     3 ||    24
    Use: Potion            |     1 |     1 |       |     4 |     8 |     6 ||    20
         Scroll            |       |       |     6 |     9 |    21 |     8 ||    44
   Stab: Distracted        |     1 |       |     4 |     7 |    23 |     2 ||    37
         Sleeping          |     4 |     4 |    11 |    17 |    29 |     2 ||    67
         Invisible         |       |       |     2 |     1 |     3 |       ||     6
         Paralysed         |       |       |     1 |     6 |       |       ||     7
         Confused          |       |       |       |       |     2 |       ||     2
         Petrified         |       |       |       |       |     1 |       ||     1
 Armour: Skin              |    22 |    31 |    95 |   132 |   554 |   139 ||   973
  Dodge: Dodged            |    34 |    59 |   268 |   606 |  1191 |   188 ||  2346
  Block: Other             |       |       |       |       |     2 |    40 ||    42
         Reflection        |       |       |       |       |       |     1 ||     1
   Form: Maw               |       |       |       |     1 |       |       ||     1
         Anaconda          |       |       |       |       |     1 |     1 ||     2
         Blade             |       |       |       |       |       |     2 ||     2

Table legend: (Time is in decaauts)
 A = Elapsed time spent in this place.
 B = Non-inter-level travel time spent in this place.
 C = Inter-level travel time spent in this place.
 D = Time resting spent in this place.
 E = Time spent auto-exploring this place.
 F = Levels seen in this place.
 G = Mean time per level.
                   A        B        C        D        E       F      G
               +--------+--------+--------+--------+--------+-----+--------+
         Total |  37751 |  35924 |   1827 |   6012 |  22400 |  27 | 1398.2 |
       Dungeon |  18487 |  17332 |   1155 |   1845 |  11691 |  15 | 1232.5 |
          Lair |   8382 |   8049 |    333 |   1074 |   5237 |   5 | 1676.4 |
         Swamp |   6810 |   6592 |    218 |   1744 |   3871 |   4 | 1702.5 |
  Orcish Mines |   4007 |   3889 |    118 |   1347 |   1573 |   2 | 2003.5 |
         Abyss |     64 |     64 |      0 |      0 |     26 |   1 |   64.0 |
               +--------+--------+--------+--------+--------+-----+--------+

Top non-repeatable levels by time:
  Lair:5: 3148 daAuts
    D:14: 2759 daAuts
   Orc:2: 2437 daAuts
 Swamp:3: 2430 daAuts
 Swamp:2: 2217 daAuts
    D:15: 2120 daAuts
  Lair:2: 2052 daAuts
    D:13: 2031 daAuts
   Orc:1: 1570 daAuts
     D:7: 1375 daAuts
  Lair:1: 1288 daAuts
 Swamp:1: 1236 daAuts
     D:5: 1202 daAuts
     D:8: 1200 daAuts
    D:10: 1146 daAuts
